 Dungeon Crawl Stone Soup version 0.29.1-1-gd02db6906a (webtiles) character file.

Game seed: 15819916827440051413

30 MisterFreud the Covert (level 3, 0/35 HPs)
             Began as a Gnoll Delver on Oct 8, 2022.
             Succumbed to an adder's poison
             ... on level 4 of the Dungeon.
             The game lasted 00:02:19 (1367 turns).

MisterFreud the Covert (Gnoll Delver)               Turns: 1367, Time: 00:02:20

Health: 0/35       AC:  3    Str: 10 (11) XL:     3   Next: 20%
Magic:  1/1        EV: 12    Int:  9 (11) God:
Gold:   28         SH:  0    Dex: 10 (13) Spells: 3/3 levels left

rFire   . . .      SeeInvis .   n - +2 dagger (antimagic)
rCold   . . .      Faith    .   (no shield)
rNeg    . . .      Spirit   .   b - +0 leather armour
rPois   .          Reflect  .   (no helmet)
rElec   .          Harm     .   (no cloak)
rCorr   .          Rampage  .   (no gloves)
Will    .....                   (no boots)
Stlth   ++++......              (no amulet)
HPRegen 0.11/turn               (no ring)
MPRegen 0.07/turn               (no ring)

@: lethally poisoned (0 -> -5)
A: fangs 1, strong nose, distributed training
a: no special abilities


You were on level 4 of the Dungeon.
You visited 2 branches of the dungeon, and saw 5 of its levels.

You collected 28 gold pieces.

Inventory:

Hand Weapons
 a - a +0 short sword
 n - a +2 antimagic dagger (weapon)
Missiles
 i - 2 poisoned darts (quivered)
Armour
 b - a +0 leather armour (worn)
Wands
 g - a wand of digging (3)
Scrolls
 c - a scroll of fog
 d - a scroll of magic mapping
 e - 3 scrolls of identify {unknown}
 k - a scroll of fear
Potions
 f - a potion of haste
 j - a potion of lignification {unknown}
 l - a potion of heal wounds {unknown}
 m - a potion of magic {unknown}


   Skills:
 + Level 6.5 Fighting
 + Level 4.5 Short Blades
 + Level 0.7 Long Blades
 + Level 0.7 Axes
 + Level 0.7 Maces & Flails
 + Level 0.7 Polearms
 + Level 0.7 Staves
 + Level 0.7 Ranged Weapons
 + Level 0.7 Throwing
 + Level 0.7 Armour
 + Level 4.5 Dodging
 + Level 9.5 Stealth
 + Level 0.7 Shields
 + Level 0.7 Unarmed Combat
 + Level 0.7 Spellcasting
 + Level 0.5 Conjurations
 + Level 0.5 Hexes
 + Level 0.5 Summonings
 + Level 0.5 Necromancy
 + Level 0.5 Translocations
 + Level 0.5 Transmutations
 + Level 0.5 Fire Magic
 + Level 0.5 Ice Magic
 + Level 0.5 Air Magic
 + Level 0.5 Earth Magic
 + Level 0.5 Poison Magic
 + Level 0.9 Invocations
 + Level 0.7 Evocations


You had 3 spell levels left.
You didn't know any spells.
Your spell library contained the following spells:

 Spells                   Type           Power      Damage    Failure   Level
 Slow                     Hex            4%         N/A       38%         1
 Confusing Touch          Hex            1%         N/A       77%         3
 Ozocubu's Armour         Ice            1%         N/A       77%         3
 Vampiric Draining        Necr           1%         2d6       77%         3
 Ozocubu's Refrigeration  Ice            0%         4d7       100%        7


Dungeon Overview and Level Annotations

Branches:
Dungeon (6/15)             Temple (1/1) D:4

Altars:
Elyvilon
Fedhas
Makhleb
Nemelex Xobeh
Okawaru
Qazlal
Ru
Trog
Uskayaw
Vehumet
Xom
Yredelemnul
Zin
The Shining One

Annotations:
D:3 Grinder


Innate Abilities, Weirdness & Mutations

You have very sharp teeth.
Your uncanny sense of smell can sniff out nearby items.
Your experience applies equally to all skills.


Message History

The adder closely misses you. The gnoll barely misses you.
You are too injured to fight recklessly!
You barely miss the adder.
The adder is heavily wounded.
The adder bites you but does no damage.
The gnoll hits you from afar with a +0 spear.
You closely miss the adder. Your bite misses the adder.
The adder is heavily wounded.
The adder misses you.
The gnoll hits you from afar with a +0 spear.
* * * LOW HITPOINT WARNING * * *
You hit the adder.
The adder is heavily wounded.
The adder closely misses you. The adder barely misses you.
The adder barely misses you. The adder attacks as you move away!
The adder bites you.
* * * LOW HITPOINT WARNING * * *
You are poisoned.
The adder poisons you!
You feel sick. The adder attacks as you move away! The adder barely misses you.
You feel sick.
You feel sick. The adder closely misses you.
You feel sick. The adder attacks as you move away! The adder misses you.
You feel sick.
You are no longer poisoned.
Really walk into that dispersal trap?
You enter a dispersal trap!
The adder blinks!
The gnoll blinks!
You blink.
The adder attacks as you move away! The adder closely misses you.
The adder closely misses you. The adder attacks as you move away!
The adder bites you.
* * * LOW HITPOINT WARNING * * *
You are lethally poisoned!
The adder poisons you!
* * * LOW HITPOINT WARNING * * *
You feel sick.
Unknown command.
It was a potion of degeneration.
There was something very wrong with that liquid.
You feel weakened.
You feel dopey.
You feel clumsy.
You die...

#...##.# #####h#
#...##.# #..##g#
#...##.# ##.##.#
#...##.# #.##g#
#......## #..#.#
#.####..######.#g#
#.###..g..^.§.§..#
#S##..########.#.##
#.@....# #.#...
####.#.# #.#.##
#..#.# #.#..# #.##.#
###.##..
#.##.#####......#
####.##....†.......#
#.....#######......#
#.....# #......#
#.....# #..[...#


You could see a gnoll and an adder.

Vanquished Creatures
  An adder (D:4)
  A dart slug (D:4)
  A bat (D:3)
  5 endoplasms
  A giant cockroach (D:3)
  3 goblins
  2 jackals (D:4)
  A ball python (D:3)
  A frilled lizard (D:3)
  A kobold (D:4)
17 creatures vanquished.

Notes
Turn   | Place    | Note
-------+----------+-------------------------------------------
     0 | D:5      | Reached skill level 9 in Stealth
     0 | D:5      | MisterFreud the Gnoll Delver began the quest for the Orb.
     0 | D:5      | Reached XP level 1. HP: 23/23 MP: 1/1
    19 | D:6      | Noticed a scorpion
    63 | D:5      | Noticed a black bear
    66 | D:4      | Noticed a black bear
   310 | D:3      | Noticed Grinder
   325 | D:4      | Reached XP level 2. HP: 15/29 MP: 2/2
   531 | D:4      | Found a staircase to the Ecumenical Temple.
   547 | Temple   | Entered the Ecumenical Temple
   986 | D:3      | Reached XP level 3. HP: 18/35 MP: 3/3
  1128 | D:3      | Paralysed by Grinder for 3 turns
  1366 | D:4      | HP: 1/35 [poisoned by an adder]
  1367 | D:4      | Succumbed to an adder's poison

Illustrated notes

Levels and vault maps discovered:
D:3:      layout_loops_ring, grunt_dithmenos_smoke, kiku_gazebo_pond_becter,
          marbit_many_paths, biasface_ghost_orc_armoury, uniq_jessica,
          uniq_ijyb, uniq_grinder
D:4:      layout_rooms, minmay_temple_entry_trees
D:5:      layout_basic, uniq_edmund, uniq_crazy_yiuf_cottage
D:6:      layout_basic, uniq_sigmund
Temple:   minmay_temple_curvy_branch

Skill      XL: | |
---------------+-+-----
Stealth        | |  9.5
Fighting       | |  6.5
Short Blades   | |  4.5
Long Blades    | |  0.7
Axes           | |  0.7
Maces & Flails | |  0.7
Polearms       | |  0.7
Staves         | |  0.7
Ranged Weapons | |  0.7
Throwing       | |  0.7
Armour         | |  0.7
Dodging        | |  4.5
Shields        | |  0.7
Unarmed Combat | |  0.7
Spellcasting   | |  0.7
Conjurations   | |  0.5
Hexes          | |  0.5
Summonings     | |  0.5
Necromancy     | |  0.5
Translocations | |  0.5
Transmutations | |  0.5
Fire Magic     | |  0.5
Ice Magic      | |  0.5
Air Magic      | |  0.5
Earth Magic    | |  0.5
Poison Magic   | |  0.5
Invocations    | |  0.9
Evocations     | |  0.7

Action                   || total
-------------------------++-------
Melee: Short sword       ||    45
       Bite              ||     5
       Dagger            ||    26
       Punch             ||     1
  Use: Scroll            ||     1
       Potion            ||     1
 Stab: Sleeping          ||     4
Armor: Leather armour    ||    12
Dodge: Dodged            ||    56
